 Dungeon Crawl Stone Soup version 0.30.1-3-gfc49f6343a (webtiles) character file.

Game seed: 11622183890622311864

794 TheDoctor the Changer (level 7, -2/46 HPs)
             Began as an Octopode Transmuter on July 23, 2023.
             Was a Follower of Cheibriados.
             Slain by a wyvern (6 damage)
             ... on level 7 of the Dungeon.
             The game lasted 00:23:28 (6092 turns).

TheDoctor the Changer (Octopode Transmuter)         Turns: 6092, Time: 00:23:28

Health: -2/46      AC:  2    Str: 19    XL:     7   Next: 89%
Magic:  9/11       EV: 20    Int: 21    God:    Cheibriados [*.....]
Gold:   245        SH:  0    Dex: 24    Spells: 1/10 levels left

rFire   . .          .
                       - Unarmed
rCold   . . .        (shield currently unavailable)
rNeg    . . .        (helmet currently unavailable)
rPois   x            (no amulet)
rElec   .            b - +6 ring of dexterity
rCorr   .            o - +6 ring of strength
SInv    .            (no ring)
Will    .....        (no ring)
Stlth   ++           (no ring)
HPRegen 0.27/turn    (no ring)
MPRegen 0.12/turn    (no ring)
                     (no ring)

%: no passive effects
@: lethally poisoned (-2 -> -14), spider-form, very slow
A: venomous fangs, almost no armour, (amphibious), 8 rings, tiny, (camouflage
1), (gelatinous body 1), (nimble swimmer 1), (tentacles), clever 1, high MP 1,
teleportitis 1
a: End Transformation, Renounce Religion, Bend Time


You were on level 7 of the Dungeon.
You worshipped Cheibriados.
Cheibriados was aware of your devotion.
You were a venomous arachnid creature.
You visited 2 branches of the dungeon, and saw 8 of its levels.

You collected 245 gold pieces.

Inventory:

Hand Weapons
 h - a +1 dagger of venom
 i - a +0 sling
 r - a +0 spear
 E - a +0 shortbow of flaming
Missiles
 e - 35 stones (quivered)
 l - 4 curare-tipped darts
 p - 5 silver javelins
 s - 7 boomerangs
 y - 6 poisoned darts
Jewellery
 b - a +6 ring of dexterity (left front pincers)
 o - a +6 ring of strength (right front pincers)
Wands
 w - a wand of flame (41)
Scrolls
 c - a scroll of enchant armour
 f - a scroll of vulnerability {unknown}
 j - 2 scrolls of teleportation
 k - 2 scrolls of fog
 q - a scroll of fear {unknown}
 z - a scroll of silence {unknown}
 A - a scroll of blinking {unknown}
 C - a scroll of immolation {unknown}
 D - 2 scrolls of identify
 F - a scroll of noise {unknown}
Potions
 a - 3 potions of lignification
 d - a potion of attraction
 g - 4 potions of brilliance
 m - a potion of mutation
 n - a potion of haste {unknown}
 t - a potion of flight {unknown}
 u - a potion of resistance {unknown}
 v - a potion of degeneration {unknown}
 x - a potion of ambrosia {unknown}
 B - a potion of heal wounds {unknown}


   Skills:
 - Level 3.0 Fighting
 - Level 2.0 Dodging
 - Level 0.5 Stealth
 - Level 3.0 Unarmed Combat
 - Level 2.0 Spellcasting
 + Level 3.8 Hexes
 + Level 6.2 Transmutations
 - Level 3.4 Poison Magic


You had one spell level left.
You knew the following spells:

 Your Spells              Type           Power      Damage    Failure   Level
a - Beastly Appendage     Tmut           56%        N/A       5%          1
b - Wereblood             Tmut           28%        N/A       7%          2
c - Spider Form           Tmut/Pois      22%        N/A       17%         3
d - Confusing Touch       Hex            18%        N/A       22%         3

Your spell library contained the following spells:

 Spells                   Type           Power      Damage    Failure   Level
 Kiss of Death            Conj/Necr      8%         2d6       32%         1
 Sublimation of Blood     Necr           2%         N/A       43%         2
 Ice Form                 Ice/Tmut       15%        N/A       61%         4
 Stone Arrow              Conj/Erth      4%         3d7       63%         3
 Dispel Undead            Necr           2%         3d7       93%         4
 Summon Hydra             Summ           1%         N/A       100%        7
 Lehudib's Crystal Spear  Conj/Erth      1%         10d2      100%        8
 Animate Armour           Summ/Erth      Unusable   N/A       N/A         4

Dungeon Overview and Level Annotations

Branches:
Dungeon (7/15)             Temple (1/1) D:6

Altars:
Ashenzari
Cheibriados
Dithmenos
Fedhas
Gozag
Hepliaklqana
Kikubaaqudgha
Nemelex Xobeh
Okawaru
Trog
Uskayaw
Vehumet
Wu Jian
Xom
Yredelemnul
Zin
The Shining One

Shops:
D:5 (=*([

Annotations:
D:2 Robin
D:5 exclusion: ogre
D:6 exclusion: ogre
D:7 Joseph


Innate Abilities, Weirdness & Mutations

You are a venomous arachnid creature.
You have venomous fangs.
You are tiny and dextrous.
Your spellcasting is less reliable in this form.
Your armour is entirely melded.
You are incapable of wielding weapons or throwing items.
You cannot wear most types of armour.
((You are amphibious.))
You can wear up to eight rings at the same time.
((Your skin changes colour to match your surroundings (Stealth+).))
((Your rubbery body absorbs attacks. (AC +1, EV +1)))
((You are camouflaged when in or above water. (Stealth+)))
((You have tentacles for arms and can constrict up to eight enemies at once.))
Your mind is acute. (Int +4, Str/Dex -1)
You have an increased reservoir of magic. (+10% MP)
You are occasionally teleported next to monsters.


Message History

The orc is severely wounded.
You kill the orc!
Cheibriados appreciates the change of pace.
You can now bend time to slow others.
Cheibriados raises the support of your attributes as your movement slows.
Something hits you but does no damage.
You are poisoned.
You feel very sick. Something hits you but does no damage.
You are more poisoned.
An orc comes into view. It is wielding a +0 trident.
You feel extremely sick.
The orc shouts! x3; You hear an angry hiss.
You hear a shout!
You hear some strange, mumbled words.
A puff of flame appears from out of thin air!
The puff of flame hits you.
A wyvern comes into view.
The orc moves out of view.
Things that are here:
a +0 hand axe; a +0 hand axe; a +0 leather armour You feel very sick.
Cheibriados appreciates the change of pace.
Reactivating autopickup.
You feel a bit more experienced.
Okay, then.
Unknown command.
You hit the orc.
The orc is poisoned.
The orc is severely wounded.
You feel very sick. The orc misses you.
You hit the orc.
You kill the orc!
Cheibriados thoroughly appreciates the change of pace.
You feel very sick.
You hit the wyvern.
The wyvern is poisoned.
The wyvern is moderately wounded.
You feel sick. The wyvern bites you!
* * * LOW HITPOINT WARNING * * *
The wyvern bites you.
You die... .ooo

.##.... ... .......
#.. ....... ### #.#
###....... ..
#o###......... # #.
###l............
#!##.##......o........
#.....#o####.#####..o.
#.s#.# #........o.
#.)l.# ######..#..
#####...... #.# .#####
... .# ###.# .# #....
.. ## #.#.# .# #....
.#####+### ##..#


You could see a wyvern (very poisoned).

Vanquished Creatures
  A hornet (D:7)
  2 centaurs (D:7)
  A jelly (D:6)
  3 orc priests
  2 hounds
  An iguana (D:5)
  3 orc wizards (D:7)
  6 adders
  A white imp (D:5)
  2 worms
  2 dart slugs
  16 orcs
  7 ball pythons
  6 bats
  5 endoplasms
  A giant cockroach (D:3)
  4 hobgoblins
  3 jackals (D:4)
  3 quokkas
  2 frilled lizards
  12 goblins
  4 kobolds
  6 rats
93 creatures vanquished.

Vanquished Creatures (others)
  A quokka (D:5)
1 creature vanquished.

Grand Total: 94 creatures vanquished

Notes
Turn   | Place    | Note
-------+----------+-------------------------------------------
     0 | D:1      | TheDoctor the Octopode Transmuter began the quest for the
                  | Orb.
     0 | D:1      | Reached XP level 1. HP: 13/13 MP: 3/3
   468 | D:1      | Reached XP level 2. HP: 16/18 MP: 3/5
   471 | D:1      | Learned a level 2 spell: Wereblood
   971 | D:1      | Found a faded altar of an unknown god.
  1135 | D:2      | Noticed Robin
  1135 | D:2      | Found an ancient bone altar of Kikubaaqudgha.
  1424 | D:2      | Reached XP level 3. HP: 24/24 MP: 6/6
  1792 | D:2      | Reached skill level 3 in Transmutations
  2509 | D:3      | Reached XP level 4. HP: 30/30 MP: 5/7
  3007 | D:4      | Learned a level 3 spell: Spider Form
  3012 | D:4      | Noticed a phantom
  3374 | D:4      | Reached skill level 1 in Poison Magic
  3577 | D:4      | Reached XP level 5. HP: 36/36 MP: 8/8
  3935 | D:5      | Entered Level 5 of the Dungeon
  3935 | D:5      | Found Daemaut's Assorted Antiques.
  3935 | D:5      | Found Xem Coem's Armour Shoppe.
  3937 | D:5      | Found Goaniysch's Jewellery Shop.
  3939 | D:5      | Found Dell's Weapon Shop.
  3939 | D:5      | Found Rolu's Antique Weapon Shop.
  4079 | D:5      | Found a glowing golden altar of the Shining One.
  4190 | D:5      | Reached skill level 4 in Transmutations
  4332 | D:5      | Noticed an ogre
  4345 | D:6      | Noticed an ogre
  4713 | D:6      | Reached XP level 6. HP: 26/42 MP: 9/9
  4945 | D:6      | Found a staircase to the Ecumenical Temple.
  4977 | Temple   | Entered the Ecumenical Temple
  5128 | Temple   | Became a worshipper of Cheibriados the Contemplative
  5257 | D:6      | Learned a level 3 spell: Confusing Touch
  5692 | D:7      | Reached skill level 1 in Hexes
  5692 | D:7      | Reached skill level 5 in Transmutations
  5738 | D:7      | Noticed a hornet
  5746 | D:7      | Gained mutation: You have an increased reservoir of magic.
                  | (+10% MP) [potion of mutation]
  5746 | D:7      | Gained mutation: You are occasionally teleported next to
                  | monsters. [potion of mutation]
  5746 | D:7      | Gained mutation: Your mind is acute. (Int +4, Str/Dex -1)
                  | [potion of mutation]
  5768 | D:7      | Killed a hornet
  5769 | D:7      | Reached XP level 7. HP: 35/46 MP: 11/11
  5942 | D:7      | Reached skill level 6 in Transmutations
  6063 | D:7      | Noticed Joseph
  6086 | D:7      | Reached * piety under Cheibriados
  6088 | D:7      | Noticed a wyvern
  6092 | D:7      | Slain by a wyvern

Illustrated notes

Levels and vault maps discovered:
D:1:      roderic_octagonal_star, layout_basic,
          ebering_ecumenical_altar_petrified
D:2:      layout_loops_ring, basic_altar, kennysheep_generic_room_8, uniq_robin
D:3:      layout_basic, kennysheep_cross_room, dreamdust_mushroom_princess
D:4:      layout_basic
D:5:      layout_rooms, nicolae_tso_carved_into_rock, elyvilon_altar_4,
          serial_shops, shop, nicolae_shop_temple_entry_statues_fountains,
          minmay_shop_grid_forest
D:6:      layout_basic, minmay_temple_entry_statues_pillars, st_stairs_5
D:7:      layout_basic, makhleb_blood_cavern_becter, minmay_small_thing,
          uniq_joseph
Temple:   eino_temple_rhombus

Skill      XL: |  1  2  3  4  5  6  7 |
---------------+----------------------+-----
Fighting       | 2 3 |  3.0
Transmutations | 3 4 5 6 |  6.2
Poison Magic   | 1 2 3 |  3.4
Hexes          | 3 |  3.8
Dodging        | |  2.0
Stealth        | |  0.5
Unarmed Combat | |  3.0
Spellcasting   | |  2.0

Action                     |  1- 3 |  4- 6 |  7- 9 || total
---------------------------+-------+-------+-------++-------
  Melee: Unarmed           |    71 |   122 |    33 ||   226
         Constrict         |    21 |    27 |     2 ||    50
         Tentacles         |    19 |    19 |     1 ||    39
         Kick              |     9 |    26 |       ||    35
         Punch             |     1 |     2 |       ||     3
  Throw: Stone             |     7 |     4 |     1 ||    12
   Cast: Beastly Appendage |    19 |    13 |       ||    32
         Wereblood         |       |     1 |       ||     1
         Spider Form       |       |     6 |     2 ||     8
  Evoke: Wand              |       |     1 |       ||     1
    Use: Scroll            |       |     4 |       ||     4
         Potion            |       |     5 |       ||     5
   Stab: Sleeping          |    10 |     7 |       ||    17
 Armour: Skin              |     4 |    65 |    18 ||    87
  Dodge: Dodged            |    24 |    66 |    18 ||   108
